 Dungeon Crawl Stone Soup version 0.29.1-1-gd02db6906a (webtiles) character file.

Game seed: 4541014768785267279

3688 H0rd4k the Spear-Bearer (level 10, -3/80 HPs)
             Began as a Human Artificer on Sept 26, 2022.
             Slain by an apocalypse crab (17 damage)
             ... on level 1 of the Abyss.
             The game lasted 00:15:09 (10501 turns).

H0rd4k the Spear-Bearer (Human Artificer)          Turns: 10501, Time: 00:15:10

Health: -3/80      AC: 14    Str: 12    XL:     10   Next: 35%
Magic:  10/10      EV: 11    Int: 16    God:
Gold:   335        SH:  0    Dex: 14    Spells: 9/9 levels left

rFire   . . .      SeeInvis +   e - +1 trident (venom)
rCold   . . .      Faith    .   (no shield)
rNeg    + . .      Spirit   .   a - +4 scale mail {rPois}
rPois   +          Reflect  .   m - +0 helmet
rElec   .          Harm     .   i - scarf {+Inv}
rCorr   .          Rampage  .   E - +0 pair of gloves
Will    +....                   z - +0 pair of boots
Stlth   ..........              (no amulet)
HPRegen 0.23/turn               p - ring of see invisible
MPRegen 0.12/turn               v - ring of positive energy

@: about to teleport
A: strong-willed 1, subdued magic 1, MP-powered wands
a: Evoke Invisibility


You were on level 1 of the Abyss.
You visited 2 branches of the dungeon, and saw 8 of its levels.
You visited the Abyss 1 time.
You also visited: Bailey.

You collected 335 gold pieces.

Inventory:

Hand Weapons
 e - a +1 trident of venom (weapon)
Armour
 a - a +4 scale mail of poison resistance (worn)
 i - a scarf of invisibility (worn)
 m - a +0 helmet (worn)
 z - a +0 pair of boots (worn)
 E - a +0 pair of gloves (worn)
 J - the +1 buckler "Wirchao" {rElec rC+}
   (You found it in a bailey)

   rC:        It protects you from cold.
   rElec:     It insulates you from electricity.
 M - a +3 ring mail of positive energy
 N - a +2 robe of willpower
Jewellery
 h - an amulet of faith
 p - a ring of see invisible (left hand)
 v - a ring of positive energy (right hand)
 I - a ring of fire
 K - the ring "Ceej" {Wiz rPois rC- rCorr}
   (You found it in a bailey)

   [ring of wizardry]

   It improves your spell success rate.
   rC:        It makes you vulnerable to cold.
   rPois:     It protects you from poison.
   rCorr:     It protects you from acid and corrosion.
 Q - an amulet of regeneration
Wands
 d - a wand of charming (11)
 s - a wand of roots (6)
 D - a wand of digging (2)
 F - a wand of polymorph (13)
Scrolls
 c - a scroll of enchant armour {unknown}
 l - a scroll of vulnerability {unknown}
 n - a scroll of summoning {unknown}
 q - 3 scrolls of fog
 r - a scroll of fear
 t - 4 scrolls of teleportation
 u - 3 scrolls of immolation {unknown}
 y - a scroll of silence {unknown}
 A - 2 scrolls of blinking {unknown}
 G - a scroll of amnesia {unknown}
 H - a scroll of brand weapon {unknown}
 O - a scroll of identify
 P - a scroll of magic mapping {unknown}
Potions
 b - 2 potions of haste {unknown}
 f - a potion of cancellation
 g - a potion of invisibility
 j - 4 potions of mutation
 k - a potion of attraction {unknown}
 o - 2 potions of lignification
 x - 2 potions of curing {unknown}
 B - a potion of berserk rage {unknown}
Miscellaneous
 w - a piece from Xom's chessboard (15/15)
 L - a phantom mirror


   Skills:
 + Level 7.8 Fighting
 - Level 4.2 Maces & Flails
 - Level 8.1 Polearms
 + Level 3.5 Armour
 + Level 6.7 Dodging
 - Level 1.0 Stealth
 - Level 3.0 Evocations


You had 9 spell levels left.
You didn't know any spells.
Your spell library contained the following spells:

 Spells                   Type           Power      Damage    Failure   Level
 Slow                     Hex            0%         N/A       73%         1
 Confusing Touch          Hex            0%         N/A       98%         3
 Vampiric Draining        Necr           0%         2d6       98%         3


Dungeon Overview and Level Annotations

Branches:
Dungeon (7/15)             Temple (1/1) D:7          Bailey (visited)

Altars:
Ashenzari
Cheibriados
Elyvilon
Fedhas
Hepliaklqana
Makhleb
Nemelex Xobeh
Okawaru
Qazlal
Ru
Sif Muna
Trog
Uskayaw
Vehumet
Wu Jian
Xom
Yredelemnul
Zin

Shops:
D:1 ?   D:7 [

Annotations:
D:2 exclusion: downstairs
D:3 exclusion: downstairs
D:4 3 runed translucent doors, exclusion: 3 doors, NullDivider's ghost, amateur OpHW; manix's ghost, amateur MfGl; topfpfpflanze's ghost, amateur DENe
D:6 1 runed translucent door, exclusion: door, Crazy Yiuf


Innate Abilities, Weirdness & Mutations

You are strong-willed. (Will+)
Your spells are a little easier to cast, but a little less powerful.
You expend magic power (3 MP) to strengthen your wands.


Message History

Unknown command.
A raiju comes into view.
A raiju comes into view.
The raiju barks!
You hear a bark!
The raiju barks!
You hear a bark!
A raiju comes into view.
The raiju bursts into living lightning!
The living lightning hits you!
The raiju blinks! x2
The raiju attacks as you move away! The raiju bites you. The raiju shocks you!
The raiju bursts into living lightning!
The living lightning hits you!
The raiju blinks! x2
The raiju bursts into living lightning!
The living lightning hits you!
* * * LOW HITPOINT WARNING * * *
The raiju blinks!
The raiju bites you.
* * * LOW HITPOINT WARNING * * *
The raiju shocks you!
* * * LOW HITPOINT WARNING * * *
The raiju bursts into living lightning!
The living lightning hits the raiju.
The raiju completely resists.
The living lightning hits you.
* * * LOW HITPOINT WARNING * * *
The living lightning misses the raiju.
The raiju blinks! x3
You feel much better. The raiju misses you.
An apocalypse crab comes into view.
As you read the scroll of fear, it crumbles to dust.
You assume a fearsome visage.
The raiju looks frightened! x2
The apocalypse crab resists with some effort.
As you read the scroll of teleportation, it crumbles to dust.
You feel strangely unstable.
You feel the power of the Abyss delaying your translocation!
The apocalypse crab bites you but does no damage.
The apocalypse crab claws you but does no damage.
The apocalypse crab bites you but does no damage.
The apocalypse crab closely misses you.
The apocalypse crab attacks as you move away!
The apocalypse crab barely misses you. The apocalypse crab claws you!
* * * LOW HITPOINT WARNING * * *
The apocalypse crab freezes you!
You die...

# . #.###.
.#.h. ...#
...# #
##h..#
#.#.###..h#
#....t....#
#.#...@####
#.....#
#..##..#
##. ..## .
##. . # ..


You could see an apocalypse crab and 3 raiju.

Vanquished Creatures
  A gargoyle (Bailey)
  Prince Ribbit (D:6)
  Sigmund (D:5)
  A vampire (Bailey)
  A golden eye (Abyss:1)
  Menkaure (D:5)
  2 water moccasins
  Duvessa (D:5)
  An orc warrior (D:7)
  An ogre (D:4)
  A black bear (D:7)
  2 centaurs (D:7)
  Blork the orc (D:4)
  A bullfrog (D:6)
  A necrophage (D:3)
  A scorpion (D:5)
  A jelly (D:4)
  8 vampire bats (Bailey)
  6 wolf zombies (Bailey)
  3 hounds
  3 orc priests
  A gnoll bouda (D:6)
  Ijyb (D:3)
  An iguana (D:5)
  3 orc wizards
  9 gnolls
  11 adders
  A white imp (D:5)
  2 worms
  A dart slug (D:2)
  19 orcs
  5 ball pythons
  7 bats
  13 endoplasms
  2 giant cockroaches
  4 goblins
  13 hobgoblins
  3 jackals (D:1)
  4 kobolds
  2 quokkas (D:2)
  3 frilled lizards
  22 orc zombies (Bailey)
  9 rats
175 creatures vanquished.

Vanquished Creatures (collateral kills)
  Grinder (D:4)
  A centaur (D:4)
  Dowan (D:5)
  A gnoll bouda (D:7)
  An orc priest (D:7)
  4 gnolls (D:7)
  An orc (D:3)
  A ball python (D:4)
  A bat (D:3)
  A giant cockroach (D:4)
  A hobgoblin (D:4)
  A frilled lizard (D:3)
15 creatures vanquished.

Vanquished Creatures (others)
  A black bear (D:7)
  An adder (D:3)
  3 withered plants (D:4)
5 creatures vanquished.

Grand Total: 195 creatures vanquished

Notes
Turn   | Place    | Note
-------+----------+-------------------------------------------
     0 | D:1      | H0rd4k the Human Artificer began the quest for the Orb.
     0 | D:1      | Reached XP level 1. HP: 15/15 MP: 1/1
    38 | D:1      | Reached XP level 2. HP: 4/21 MP: 2/2
   286 | D:1      | Reached skill level 1 in Maces & Flails
   838 | D:1      | Found Humuwn's Magic Scroll Emporium.
  1053 | D:1      | Reached XP level 3. HP: 26/26 MP: 3/3
  1661 | D:2      | Reached XP level 4. HP: 26/33 MP: 4/4
  2636 | D:2      | Found a faded altar of an unknown god.
  3050 | D:3      | Noticed a necrophage
  3053 | D:3      | Killed a necrophage
  3054 | D:3      | Reached XP level 5. HP: 39/39 MP: 5/5
  3371 | D:3      | Noticed Ijyb
  3430 | D:3      | Reached XP level 6. HP: 33/46 MP: 6/6
  3432 | D:3      | Killed Ijyb
  3965 | D:4      | Noticed Grinder
  3989 | D:4      | Reached XP level 7. HP: 52/52 MP: 7/7
  4060 | D:4      | Reached skill level 1 in Polearms
  4086 | D:4      | HP: 2/52 [disintegration (8)]
  4463 | D:4      | Found a runed translucent gate.
  4464 | D:4      | Found a runed translucent gate.
  4465 | D:4      | Found a runed translucent gate.
  4466 | D:4      | Noticed NullDivider's ghost (amateur OpHW)
  4466 | D:4      | Noticed topfpfpflanze's ghost (amateur DENe)
  4466 | D:4      | Noticed manix's ghost (amateur MfGl)
  4588 | D:5      | Entered Level 5 of the Dungeon
  4645 | D:5      | Reached skill level 2 in Polearms
  4848 | D:5      | Noticed Menkaure
  4855 | D:5      | Gained mutation: Your spells are a little easier to cast,
                  | but a little less powerful. [potion of mutation]
  4855 | D:5      | Gained mutation: You expend magic power (3 MP) to
                  | strengthen your wands. [potion of mutation]
  4855 | D:5      | Gained mutation: You are strong-willed. (Will+) [potion of
                  | mutation]
  4859 | D:5      | Killed Menkaure
  4860 | D:5      | Reached skill level 3 in Polearms
  5120 | D:5      | Noticed Sigmund
  5121 | D:5      | Noticed Duvessa
  5121 | D:5      | Noticed Dowan
  5127 | D:5      | Your ally Sigmund died
  5128 | D:5      | Reached skill level 4 in Polearms
  5128 | D:5      | Reached XP level 8. HP: 60/60 MP: 4/8
  5144 | D:5      | Killed Dowan
  5149 | D:5      | Killed Duvessa
  5150 | D:5      | Reached skill level 5 in Polearms
  5542 | D:4      | Noticed Blork the orc
  5584 | D:4      | Killed Grinder
  5585 | D:4      | Reached skill level 6 in Polearms
  5798 | D:4      | Killed Blork the orc
  6311 | D:5      | Reached XP level 9. HP: 55/66 MP: 9/9
  6397 | D:5      | Reached skill level 7 in Polearms
  7049 | D:6      | Noticed Prince Ribbit
  7061 | D:6      | Killed Prince Ribbit
  7062 | D:6      | Reached skill level 5 in Fighting
  7169 | D:6      | Found a white marble altar of Elyvilon.
  7169 | D:6      | Found a sparkling altar of Nemelex Xobeh.
  7170 | D:6      | Found a snail-covered altar of Cheibriados.
  7440 | D:6      | Reached skill level 8 in Polearms
  7769 | D:6      | Reached skill level 5 in Dodging
  7906 | D:6      | Found a runed translucent door.
  7907 | D:6      | Noticed Crazy Yiuf
  8081 | D:7      | Found a staircase to the Ecumenical Temple.
  8087 | Temple   | Entered the Ecumenical Temple
  8154 | D:7      | Found a flagged portal.
  8400 | D:7      | Found Ibrim's Armour Emporium.
  8422 | Bailey   | Entered a bailey
  8575 | Bailey   | Identified the +1 buckler "Wirchao" {rElec rC+}
  9022 | Bailey   | Noticed a gargoyle
  9029 | Bailey   | Killed a gargoyle
  9317 | Bailey   | Reached XP level 10. HP: 45/77 MP: 10/10
  9814 | Bailey   | Identified the ring "Ceej" {Wiz rPois rC- rCorr}
 10326 | Abyss:1  | Cast into level 1 of the Abyss (gnoll sergeant)
 10374 | Abyss:1  | Noticed a smoke demon
 10375 | Abyss:1  | Noticed a rakshasa
 10391 | Abyss:1  | Noticed a tentacled monstrosity
 10494 | Abyss:1  | HP: 4/80 [raiju/living lightning (4)]
 10497 | Abyss:1  | Noticed an apocalypse crab
 10501 | Abyss:1  | Slain by an apocalypse crab

Illustrated notes

Levels and vault maps discovered:
D:1:      heliophobic_arrival_ceremonial_halls, layout_basic, serial_shops, shop
D:2:      layout_loops_ring, shapermc_ecumenical_altar_venn
D:3:      layout_rooms, uniq_ijyb
D:4:      layout_basic, gammafunk_ghost_cemetery, uniq_grinder,
          uniq_blork_the_orc
D:5:      layout_loops_ring, uniq_duvessa, uniq_menkaure, uniq_sigmund
D:6:      layout_basic, gammafunk_temple_overflow_forgotten,
          uniq_prince_ribbit1, uniq_crazy_yiuf_cottage
D:7:      layout_layer_cave, minmay_temple_entry_hall, serial_shops, shop,
          enter_bailey_4
Temple:   hellmonk_temple_two_chambers
Abyss:1:  base: D:5, hangedman_steaming_rock

Skill      XL: |  1  2  3  4  5  6  7  8  9 10 |
---------------+-------------------------------+-----
Maces & Flails | 1 2 3 4 |  4.2
Dodging        | 2 3 4 5 6 |  6.7
Fighting       | 2 3 4 6 7 |  7.8
Polearms       | 4 6 8 |  8.1
Armour         | 3 |  3.5
Stealth        | |  1.0
Evocations     | |  3.0

Action                   |  1- 3 |  4- 6 |  7- 9 | 10-12 || total
-------------------------+-------+-------+-------+-------++-------
Melee: Club              |   132 |   131 |       |       ||   263
       Punch             |     2 |     2 |     7 |       ||    11
       Trident           |       |    20 |   346 |   134 ||   500
Evoke: Wand              |     5 |    19 |    15 |     2 ||    41
  Use: Potion            |       |       |     3 |     4 ||     7
       Scroll            |       |       |     7 |     2 ||     9
 Stab: Sleeping          |     2 |     2 |       |       ||     4
Armor: Leather armour    |    43 |    42 |       |       ||    85
       Scale mail        |       |     3 |   138 |   140 ||   281
Dodge: Dodged            |    94 |    98 |   135 |   138 ||   465
